 Dungeon Crawl Stone Soup version 0.27.0 (webtiles) character file.

Game seed: 15682811716223217079

32 ZARRMARR the Chopper (level 3, -3/33 HPs)
             Began as a Hill Orc Fighter on July 30, 2021.
             Slain by Sigmund (7 damage)
             ... on level 2 of the Dungeon.
             The game lasted 00:06:31 (1001 turns).

ZARRMARR the Chopper (Hill Orc Fighter)             Turns: 1001, Time: 00:06:32

Health: -3/33      AC:  6    Str: 19    XL:     3   Next: 27%
Magic:  3/3        EV:  7    Int:  8    God:
Gold:   12         SH:  9    Dex: 10    Spells: 2/2 levels left

rFire    . . .     SeeInvis .   a - +0 war axe
rCold    . . .     Faith    .   c - +0 kite shield
rNeg     . . .     Spirit   .   b - +0 scale mail
rPois    .         Reflect  .   (no helmet)
rElec    .         Harm     .   (no cloak)
rCorr    .         Rampage  .   (no gloves)
Will     .....                  (no boots)
Stlth    ..........             (no amulet)
HPRegen  0.11/turn              (no ring)
MPRegen  0.08/turn              (no ring)

@: mighty
A: no striking features
a: no special abilities


You were on level 2 of the Dungeon.
You visited 1 branch of the dungeon, and saw 2 of its levels.

You collected 12 gold pieces.

Inventory:

Hand Weapons
 a - a +0 war axe (weapon)
Missiles
 e - 14 stones (quivered)
Armour
 b - a +0 scale mail (worn)
 c - a +0 kite shield (worn)
Potions
 d - a potion of might
 f - a potion of curing {unknown}


   Skills:
 - Level 3.9 Fighting
 - Level 4.0 Axes
 - Level 3.4 Armour
 - Level 0.1 Dodging
 - Level 3.5 Shields


You had 2 spell levels left.
You didn't know any spells.
Your spell library was empty.

Dungeon Overview and Level Annotations

Branches:
Dungeon (2/15)

Altars:

Annotations:
D:2 Sigmund


Message History

You're too confused to aim your attacks!
Sigmund casts a spell at you. The puff of flame hits you!
Unknown command.
You're too confused to aim your attacks!
Sigmund hits you but does no damage.
Unknown command.
You're too confused to aim your attacks!
You feel less confused. Sigmund casts a spell at you.
The puff of flame misses you.
Unknown command.
Cleave: a) +0 war axe
Press: ? - help, Dir - move target, f - Sigmund
Aim: Sigmund, wielding a +0 scythe and wearing a +0 robe (about 50% to evade your +0 war axe)
You closely miss Sigmund. Sigmund hits you but does no damage.
Unknown command.
Cleave: a) +0 war axe
Press: ? - help, Dir - move target, f/p - Sigmund
Aim: Sigmund, wielding a +0 scythe and wearing a +0 robe (about 48% to evade your +0 war axe)
You hit Sigmund.
Sigmund is lightly wounded.
Sigmund hits you with a +0 scythe.
* * * LOW HITPOINT WARNING * * *
Sigmund giggles. "Time to reap what you sow."
Sigmund gestures wildly while chanting.
Sigmund flickers and vanishes!
Deactivating autopickup; reactivate with Ctrl-A.
Cleave: a) +0 war axe
Press: ? - help, Dir - move target, f - you That would be overly suicidal.
Okay, then.
Unknown command.
Cleave: a) +0 war axe
Press: ? - help, Dir - move target, f - you That would be overly suicidal.
Okay, then.
Unknown command.
You slash something! Something hits you!
You die...

### ..#
#.# #.#
#####.#
..g#<#
#{#.#####
#@.....#
#.#.....#
#.#####.#
#. .# ##
#


You could see a hobgoblin.

Vanquished Creatures
  A dart slug (D:1)
  5 ball pythons (D:1)
  3 endoplasms (D:1)
  2 goblins (D:1)
  6 hobgoblins (D:1)
  A frilled lizard (D:1)
  4 kobolds (D:1)
  4 rats (D:1)
26 creatures vanquished.

Notes
Turn   | Place    | Note
-------+----------+-------------------------------------------
     0 | D:1      | ZARRMARR the Hill Orc Fighter began the quest for the Orb.
     0 | D:1      | Reached XP level 1. HP: 19/19 MP: 1/1
    58 | D:1      | Reached skill level 3 in Axes
   184 | D:1      | Reached XP level 2. HP: 23/26 MP: 2/2
   306 | D:1      | Found a faded altar of an unknown god.
   569 | D:1      | Reached XP level 3. HP: 33/33 MP: 3/3
   667 | D:1      | Reached skill level 4 in Axes
   990 | D:2      | Noticed Sigmund
  1001 | D:2      | Slain by Sigmund

Illustrated notes

Levels and vault maps discovered:
D:1:      dpeg_arrival_long_road, layout_rooms, chequers_ecumenical_altar_island
D:2:      layout_loops_ring, basic_altar, uniq_sigmund

Skill      XL: |  1  2  3 |
---------------+----------+-----
Axes           | 3 4 |  4.0
Fighting       | |  3.9
Armour         | |  3.4
Dodging        | |  0.1
Shields        | |  3.5

Action                   || total
-------------------------++-------
Melee: War axe           ||    78
Throw: Stone             ||    43
  Use: Scroll            ||     1
       Potion            ||     1
Armor: Scale mail        ||    29
Dodge: Dodged            ||    29
Block: Kite shield       ||    38
